Map: King Sejong Station LE

Players

Miszu

  • Race: Terran Terran
  • League: Master

BigNoob - Winner!

  • Race: Protoss Protoss
  • League: Master

VOD

Have the link to the VOD?

Description

Time

  • Played on: June 26, 2016, 10:25 a.m.
  • Length: 8:09
Show
View Real Time Build Order
Export as new Build Order

Miszu Terran 

Build Orders: Reaper Expand 

Get SALT Encoding   

  12  0:01  SCV  
  13  0:13  SCV  
  14  0:17  Supply Depot  
  14  0:25  SCV  
  15  0:38  SCV  
  15  0:41  Barracks  
  16  0:47  Refinery  
  16  0:51  SCV  
  17  1:03  SCV  
  18  1:16  SCV  
  19  1:29  Reaper, Orbital Command  
  20  1:41  Command Center  
  20  1:50  Supply Depot  
  20  1:54  SCV  
  21  2:02  Barracks Reactor  
  21  2:04  Refinery  
  21  2:06  SCV  
  22  2:18  SCV  
  23  2:26  Factory  
  23  2:30  SCV  
  24  2:38  Marine x2  
  24  2:39  Bunker  
  24  2:43  SCV  
  27  2:55  SCV, Orbital Command  
  27  2:56  Marine x2  
  30  3:07  SCV  
  30  3:09  Widow Mine  
  33  3:14  Marine  
  33  3:17  Marine  
  35  3:26  Starport  
  31  3:32  Marine  
  31  3:33  SCV  
  31  3:34  SCV  
  32  3:35  Marine  
  32  3:38  Factory Tech Lab  
  33  3:46  SCV  
  33  3:49  Marine  
  33  3:53  Marine  
  34  3:56  SCV  
  34  4:00  Cyclone  
  34  4:02  SCV  
  40  4:07  Marine  
  40  4:08  SCV  
  42  4:11  Marine  
  42  4:12  Supply Depot  
  42  4:16  Liberator  
  43  4:18  SCV  
  44  4:25  Marine  
  44  4:27  SCV  
  46  4:32  Engineering Bay  
  46  4:33  Marine, Siege Tank, SCV  
  46  4:35  Supply Depot  
  54  4:45  Bunker  
  54  4:52  Orbital Command  
  54  4:55  Barracks  
  54  4:57  Marine x2, SCV  
  54  4:59  Barracks  
  57  5:07  Siege Tank  
  57  5:09  SCV  
  61  5:14  Marine  
  59  5:34  Supply Depot  
  58  5:51  Barracks Tech Lab  
  58  5:55  Marine x2  
  58  5:56  Barracks Tech Lab, Siege Tank, SCV x2  
  61  5:59  Orbital Command  
  61  6:08  SCV  
  61  6:11  Terran Infantry Weapons Level 1  
  62  6:20  Starport Reactor  
  62  6:21  Orbital Command  
  62  6:43  Marine x2  
  57  6:56  Command Center  
  57  7:09  Supply Depot, Marine  
  57  7:11  Supply Depot  
  55  7:31  Marine x4, Medivac x2  
  55  7:33  Siege Tank  
  66  7:40  Supply Depot  
  66  7:46  SCV  
  66  7:49  Marine x3  
Show
View Real Time Build Order
Export as new Build Order

BigNoob Protoss - Winner!

Build Orders: Oracle Opening, Blink Stalkers 

Get SALT Encoding   

  12  0:00  Probe (Chrono Boost)  
  13  0:11  Probe (Chrono Boost)  
  14  0:17  Pylon  
  14  0:21  Probe (Chrono Boost)  
  16  0:36  Gateway, Probe (Chrono Boost)  
  16  0:46  Probe (Chrono Boost)  
  16  0:47  Assimilator  
  17  0:54  Assimilator  
  17  0:57  Probe (Chrono Boost)  
  18  1:07  Probe (Chrono Boost)  
  19  1:18  Probe (Chrono Boost)  
  20  1:22  Cybernetics Core  
  20  1:30  Pylon  
  20  1:31  Probe (Chrono Boost)  
  21  1:41  Probe (Chrono Boost)  
  22  1:52  Probe (Chrono Boost)  
  23  1:59  Stalker (Chrono Boost)  
  25  2:01  Stargate  
  25  2:03  Warp Gate  
  25  2:27  Stalker (Chrono Boost)  
  27  2:45  Oracle (Chrono Boost)  
  27  2:46  Gateway  
  27  2:47  Gateway  
  30  2:58  Twilight Council  
  30  3:01  Gateway  
  30  3:09  Pylon  
  30  3:11  Probe  
  30  3:35  Blink (Chrono Boost)  
  30  3:53  Oracle (Chrono Boost)  
  30  3:59  Pylon  
  30  4:02  Pylon  
  30  4:12  Stalker  
  30  4:13  Stalker  
  34  4:21  Stalker  
  36  4:32  Nexus  
  36  4:42  Stalker  
  38  4:45  Stalker  
  40  4:57  Stalker  
  42  5:03  Stalker  
  44  5:35  Stalker  
  46  5:39  Pylon  
  46  5:59  Stalker x2  
  46  6:00  Stalker x2  
  46  6:02  Probe x2  
  56  6:14  Probe  
  57  6:23  Stalker x2  
  57  6:25  Stalker  
  63  6:59  Probe x2  
  65  7:01  Assimilator  
  65  7:03  Void Ray (Chrono Boost)  
  69  7:11  Probe  
  70  7:37  Pylon  
  68  7:51  Probe x2  
Tags
 
Add a new tag
Caveats
  • Supply blocks, unpowered buildings, or Contaminate may cause inaccurate times.
  • Supply counts are checked every 10 seconds.